 Dungeon Crawl Stone Soup version 0.23-a0-171-g5ae17c6 (webtiles) character file.

91 drasked the Poker (level 4, 0/41 HPs)
             Began as a Hill Orc Monk on Sept 12, 2018.
             Succumbed to an orc's poison
             ... on level 3 of the Dungeon.
             The game lasted 00:04:30 (1688 turns).

drasked the Poker (Hill Orc Monk)                   Turns: 1688, Time: 00:04:31

Health: 0/41       AC:  5    Str: 21    XL:     4   Next: 57%
Magic:  4/4        EV: 17    Int: 10    God:
Gold:   58         SH:  0    Dex: 18    Spells: 3/3 levels left

rFire    . . .     SeeInvis .   a - +0 spear
rCold    . . .     Gourm    .   (no shield)
rNeg     . . .     Faith    .   e - +0 ring mail (curse)
rPois    .         Spirit   .   (no helmet)
rElec    .         Reflect  .   (no cloak)
rCorr    .         Harm     .   (no gloves)
MR       .....                  (no boots)
Stlth    ++........             (no amulet)
HPRegen  0.13/turn              (no ring)
MPRegen  0.09/turn              k - +2 ring of strength

@: mighty, agile, lethally poisoned (0 -> -11), very slightly contaminated,
hasted, invisible, very quick
A: no striking features
a: no special abilities


You were on level 3 of the Dungeon.
You were not hungry.

You visited 1 branch of the dungeon, and saw 3 of its levels.

You collected 58 gold pieces.

Inventory:

Hand Weapons
 a - a +0 spear (weapon)
Armour
 b - a +0 robe
 e - a cursed +0 ring mail (worn)
   (You found it on level 1 of the Dungeon)
 i - a +0 chain mail
   (You found it on level 1 of the Dungeon)
 j - a +0 plate armour
   (You found it on level 1 of the Dungeon)
Jewellery
 k - a +2 ring of strength (right hand)
   (You found it on level 1 of the Dungeon)
Scrolls
 g - a scroll of identify
Potions
 h - a potion of might
Comestibles
 c - 6 rations


   Skills:
 + Level 4.6 Fighting
 * Level 5.0 Polearms
 - Level 2.4 Dodging
 - Level 1.5 Stealth


You had 3 spell levels left.
You didn't know any spells.
Your spell library was empty.

Dungeon Overview and Level Annotations

Branches:
Dungeon (3/15)

Altars:
Ashenzari
Yredelemnul


Message History

You hit the orc but do no damage.
You feel sick. The adder bites you. The orc hits you but does no damage.
You are more poisoned.
You take 2 damage, and have 39/41 hp.
You barely miss the orc.
You feel sick. The adder closely misses you. The orc closely misses you.
You take 1 damage, and have 38/41 hp.
Unknown command.
You hit the orc but do no damage.
You feel sick. The adder bites you but does no damage.
You take 1 damage, and have 37/41 hp.
Unknown command.
You closely miss the orc.
You feel sick. The adder barely misses you.
The orc hits you but does no damage.
You are more poisoned.
You take 1 damage, and have 36/41 hp.
You closely miss the orc.
You feel sick. The adder bites you.
You are more poisoned.
The adder poisons you! The orc closely misses you. The adder misses you.
You take 2 damage, and have 34/41 hp.
You hit the orc but do no damage.
You feel sick. The orc barely misses you. The adder bites you.
You take 4 damage, and have 30/41 hp.
Unknown command.
You closely miss the orc.
You feel sick. The orc hits you but does no damage.
You are lethally poisoned!
The adder bites you but does no damage. The adder completely misses you.
You take 2 damage, and have 28/41 hp.
You closely miss the orc.
You feel sick. The adder closely misses you. The adder barely misses you.
The orc closely misses you.
You take 1 damage, and have 27/41 hp.
Unknown command.
You hit the orc.
You feel sick. The adder bites you but does no damage.
The adder closely misses you. The orc hits you but does no damage.
You are more poisoned.
You take 1 damage, and have 26/41 hp.
You feel very mighty all of a sudden.
You feel very sick. The adder bites you but does no damage.
The adder barely misses you. The orc barely misses you.
You take 3 damage, and have 23/41 hp.
It was a potion of invisibility.
You fade into invisibility!
You feel very sick. The adder barely misses you.
The adder bites you but does no damage. The orc barely misses you.
The adder closely misses you. The adder misses you.
You are very lightly contaminated with residual magic.
You take 3 damage, and have 20/41 hp.
You closely miss the orc.
You feel sick. The adder misses you. The orc misses you.
You take 1 damage, and have 19/41 hp.
You barely miss the orc.
You feel sick. The adder barely misses you.
You take 2 damage, and have 17/41 hp.
You catch the helpless orc completely off-guard!
You puncture the orc!
You kill the orc!
You feel sick. The adder bites you but does no damage. The adder misses you.
You take 2 damage, and have 15/41 hp.
You puncture the adder!
You kill the adder!
Your Polearms skill increases to level 5!
You feel sick. The adder bites you.
* * * LOW HITPOINT WARNING * * *
You take 4 damage, and have 11/41 hp.
You closely miss the adder.
* * * LOW HITPOINT WARNING * * *
You feel sick. The adder barely misses you.
You take 1 damage, and have 10/41 hp.
You puncture the adder!
You kill the adder!
* * * LOW HITPOINT WARNING * * *
You feel sick.
You take 2 damage, and have 8/41 hp.
It was a potion of agility.
You feel agile all of a sudden.
* * * LOW HITPOINT WARNING * * *
You feel sick.
It was a potion of haste.
You feel yourself speed up.
* * * LOW HITPOINT WARNING * * *
You feel sick.
You take 2 damage, and have 6/41 hp.
* * * LOW HITPOINT WARNING * * *
You feel sick.
Things that are here:
a dagger of venom; a leather armour; an orc corpse You take 1 damage, and have 5/41 hp.
You eat one of the 7 rations.
That ration really hit the spot!
* * * LOW HITPOINT WARNING * * *
You feel sick.
You take 1 damage, and have 4/41 hp.
* * * LOW HITPOINT WARNING * * *
You feel sick.
You take 1 damage, and have 3/41 hp.
* * * LOW HITPOINT WARNING * * *
You feel sick.
You take 1 damage, and have 2/41 hp.
* * * LOW HITPOINT WARNING * * *
You feel sick.
You take 1 damage, and have 1/41 hp.
You die...

#.......
#...... #.....
#.... # #... .
#. #.. .. #..
#.####+##.#
#...#@........#
#........).##
#.....#.##.##
####.......<#
............#
######.#####.#
#.# .# #.. #
####


There were no monsters in sight!

Vanquished Creatures
  4 adders
  A worm (D:2)
  2 dart slugs
  2 leopard geckos (D:1)
  An orc (D:3)
  7 bats
  2 giant cockroaches (D:2)
  4 goblins (D:1)
  8 hobgoblins
  2 jackals (D:1)
  2 kobolds (D:1)
  A quokka (D:2)
  5 frilled lizards
  5 rats
46 creatures vanquished.

Vanquished Creatures (others)
  7 toadstools (D:1)
7 creatures vanquished.

Grand Total: 53 creatures vanquished

Notes
Turn   | Place    | Note
-------+----------+-------------------------------------------
     0 | D:1      | drasked the Hill Orc Monk began the quest for the Orb.
     0 | D:1      | Reached XP level 1. HP: 19/19 MP: 1/1
   184 | D:1      | Reached XP level 2. HP: 24/27 MP: 2/2
   318 | D:1      | Reached skill level 4 in Fighting
   323 | D:1      | Reached skill level 4 in Polearms
   502 | D:1      | Found a shattered altar of Ashenzari.
   522 | D:1      | Reached XP level 3. HP: 30/33 MP: 3/3
  1096 | D:2      | Found a basalt altar of Yredelemnul.
  1433 | D:2      | Reached XP level 4. HP: 41/41 MP: 4/4
  1677 | D:3      | Reached skill level 5 in Polearms
  1678 | D:3      | HP: 10/41 [poisoned by an orc]
  1683 | D:3      | HP: 4/41 [poisoned by an orc]
  1687 | D:3      | HP: 1/41 [poisoned by an orc]
  1688 | D:3      | Succumbed to an orc's poison

Vault maps used:
D:1:      nagdon_arrival_double_spiral, ashenzari_altar_1
D:2:      lemuel_doored_altar
D:3:      gammafunk_temple_overflow_pools, portal_sewer_entry_d,
          nicolae_gozag_seed_capital

Skill      XL: |  1  2  3  4 |
---------------+-------------+-----
Fighting       | 4 |  4.6
Polearms       | 4 5 |  5.0
Dodging        | |  2.4
Stealth        | |  1.5

Action                   |  1- 3 |  4- 6 || total
-------------------------+-------+-------++-------
Melee: Spear             |   171 |    33 ||   204
  Use: Scroll            |     2 |     2 ||     4
       Potion            |       |     4 ||     4
 Stab: Sleeping          |     2 |       ||     2
       Invisible         |       |     1 ||     1
  Eat: Chunk             |     2 |       ||     2
       Ration            |       |     1 ||     1
Armor: Ring mail         |    40 |    12 ||    52
       Robe              |     2 |       ||     2
Dodge: Dodged            |    69 |    31 ||   100

Table legend:
 A = Non-vault XP
 B = Vault XP
 C = Vault XP percentage of total XP
 D = Non-vault monster count
 E = Vault monster count
 F = Vault count percentage of total count
                 A         B        C        D         E       F
            +---------+---------+-------+---------+---------+-------
      Total |     130 |       0 |   0.0 |      46 |       0 |   0.0
            +---------+---------+-------+---------+---------+-------
        D:1 |      43 |       0 |   0.0 |      24 |       0 |   0.0
        D:2 |      58 |       0 |   0.0 |      19 |       0 |   0.0
        D:3 |      29 |       0 |   0.0 |       3 |       0 |   0.0
            +---------+---------+-------+---------+---------+-------

Vault maps used:
D:1:      nagdon_arrival_double_spiral, ashenzari_altar_1
D:2:      lemuel_doored_altar
D:3:      gammafunk_temple_overflow_pools, portal_sewer_entry_d,
          nicolae_gozag_seed_capital

Table legend:
 A = Turns spent in this place as a percentage of turns spent in the entire game.
 B = Non-inter-level travel turns spent in this place as a percentage of non-inter-level travel turns spent in the entire game.
 C = Inter-level travel turns spent in this place as a percentage of turns spent in this place.
 D = Turns resting spent in this place as a percentage of non-inter-level travel turns spent in this place.
 E = Turns spent auto-exploring this place as a percentage of non-inter-level travel turns spent in this place.
 F = Non-inter-level travel turns spent in this place divided by the number of levels of this place that you've seen.
                   A       B       C       D       E      F
               +-------+-------+-------+-------+-------+----------------------
         Total | 100.0 | 100.0 |   3.1 |  15.1 |  60.0 | 545.0
       Dungeon | 100.0 | 100.0 |   3.1 |  15.1 |  60.0 | 545.0
               +-------+-------+-------+-------+-------+----------------------

Table legend:
 A = Kills in this place as a percentage of kills in entire the game.
 B = Kills by you in this place as a percentage of kills by you in the entire game.
 C = Kills by friends in this place as a percentage of kills by friends in the entire game.
 D = Other kills in this place as a percentage of other kills in the entire game.
 E = Experience gained in this place as a percentage of experience gained in the entire game.
 F = Experience gained in this place divided by the number of levels of this place that you have seen.
                   A       B       C       D       E      F
               +-------+-------+-------+-------+-------+----------------------
         Total | 100.0 | 100.0 |   N/A |   N/A | 100.0 |  43.3
       Dungeon | 100.0 | 100.0 |   N/A |   N/A | 100.0 |  43.3
               +-------+-------+-------+-------+-------+----------------------
